 Dungeon Crawl Stone Soup version 0.31.0-32-g396128a36d (webtiles) character file.

Game seed: 4087324924805666942

9760 Curundu the Cleaver (level 11, -2/101 HPs)
             Began as a Minotaur Berserker on Mar 11, 2024.
             Was an Elder of Trog.
             Slain by a wyvern (7 damage)
             ... on level 10 of the Dungeon.
             The game lasted 00:25:01 (8697 turns).

Curundu the Cleaver (Minotaur Berserker)            Turns: 8697, Time: 00:25:01

Health: -2/101     AC: 19    Str: 26    XL:     11   Next: 27%
Magic:  10/10      EV: 10    Int:  4    God:    Trog [****..]
Gold:   597        SH:  0    Dex: 10    Spells: 10/10 levels left

rFire   . . .        o - +1 war axe
rCold   . . .        (no shield)
rNeg    . . .        q - +0 plate armour
rPois   +            f - +2 hat {Stlth+}
rElec   .            c - +0 cloak
rCorr   .            a - +0 pair of gloves
SInv    .            (no boots)
Will    +....        (no amulet) Stlth
                     y - ring of poison resistance
HPRegen 0.36/turn    j - ring of willpower
MPRegen 0.12/turn

%: no passive effects
@: marked, on berserk cooldown, slowed, studying Dodging, very slow
A: horns 2, retaliatory headbutt
a: Renounce Religion, Berserk, Trog's Hand, Brothers in Arms


You were on level 10 of the Dungeon.
You worshipped Trog.
Trog was greatly pleased with you.
You visited 2 branches of the dungeon, and saw 11 of its levels.

You collected 597 gold pieces.

Inventory:

Hand Weapons
 o - a +1 war axe (weapon)
Missiles
 E - 3 throwing nets (quivered)
Armour
 a - a +0 pair of gloves (worn)
 c - a +0 cloak (worn)
 e - a scarf of invisibility
 f - a +2 hat of stealth (worn)
 q - a +0 plate armour (worn)
Jewellery
 j - a ring of willpower (right hand)
 y - a ring of poison resistance (left hand)
 D - a ring of positive energy
Wands
 g - a wand of mindburst (14)
 t - a wand of flame (4)
 u - a wand of quicksilver (6)
Scrolls
 d - 2 scrolls of blinking {unknown}
 h - a scroll of poison
 i - a scroll of summoning
 n - 4 scrolls of fear
 v - 2 scrolls of silence {unknown}
 B - a scroll of vulnerability {unknown}
 C - 2 scrolls of teleportation
 F - 2 scrolls of identify
Potions
 b - a potion of enlightenment
 k - a potion of brilliance {unknown}
 l - a potion of berserk rage {unknown}
 m - 2 potions of curing
 p - 2 potions of mutation
 r - a potion of degeneration {unknown}
 s - a potion of might {unknown}
 w - 2 potions of heal wounds {unknown}
 x - a potion of cancellation {unknown}
 z - a potion of attraction {unknown}
 A - a potion of resistance {unknown}


   Skills:
 * Level 10.5 Fighting
 + Level 12.9 Axes
 * Level 9.9 Armour
 * Level 8.5 Dodging
 + Level 1.7 Stealth
 * Level 7.1 Shields


You had 10 spell levels left.
You didn't know any spells.
Your spell library was empty.

Dungeon Overview and Level Annotations

Branches:
Dungeon (10/15)            Temple (1/1) D:4             Orc (0/2) D:9
   Lair: D:8-11

Altars:
Ashenzari
Cheibriados
Dithmenos
Elyvilon
Fedhas
Gozag
Hepliaklqana
Kikubaaqudgha
Makhleb
Nemelex Xobeh
Okawaru
Qazlal
Ru
Sif Muna
Trog
Uskayaw
Vehumet
Wu Jian
Xom
Yredelemnul
Zin

Annotations:
D:9 2 transporters, CBP's ghost, novice VSEn


Innate Abilities, Weirdness & Mutations

You have a pair of horns on your head.
You reflexively headbutt those who attack you in melee.


Message History

The yak barely misses you. You furiously retaliate!
You headbutt the yak! The yak misses you.
You slash the yak!
You kill the yak!
Trog accepts your kill.
You barely miss the yak. You slash the wyvern! You slash the yak!
The wyvern bites you!
* * * LOW HITPOINT WARNING * * *
The yak gores you but does no damage. The yak closely misses you.
You slash the yak!
You kill the yak!
Trog accepts your kill.
You barely miss the wyvern. You barely miss the yak.
The wyvern bites you but does no damage.
The yak gores you but does no damage.
Your Shields skill increases to level 7!
You closely miss the yak.
The yak is lightly wounded.
You closely miss the wyvern. The wyvern bites you.
* * * LOW HITPOINT WARNING * * *
You slice the yak!! You headbutt the yak. Your punch misses the yak.
The yak is severely wounded.
You slash the wyvern!
You are no longer berserk.
You are exhausted.
You feel yourself slow down. The yak barely misses you.
Unknown command.
You slash the yak!
You kill the yak!
Trog accepts your kill.
You hit the wyvern but do no damage. The wyvern barely misses you.
The wyvern bites you.
* * * LOW HITPOINT WARNING * * *
The wyvern bites you!
* * * LOW HITPOINT WARNING * * *
You hit the wyvern but do no damage. Your headbutt misses the wyvern.
The wyvern is severely wounded.
You barely miss the wraith. The wraith closely misses you.
The wyvern bites you!
You die...

.....# #..#..#
#...# #..#..###
#.<.###..#.....
#..............
#...........#
#...##......#
#...##......#
#...##......#
#...##†@....#
#...##.kW...#
#...##..?...#
........#
..##.........
#.. #.........
#. #......... #
#.........
#...(.....


You could see a wraith and a wyvern.

Vanquished Creatures
  Gastronok (D:8)
  Harold (D:9)
  2 two-headed ogres
  A komodo dragon (D:7)
  A troll (D:9)
  Prince Ribbit (D:5)
  A wraith (D:10)
  10 yaks
  A wyvern (D:8)
  Eustachio (D:4)
  The ghost of Tripartite the Shield-Bearer, an amateur FoFi (D:4)
  2 steam dragons
  Menkaure (D:6)
  An acid dragon (D:10)
  A water moccasin (D:5)
  2 sky beasts (D:6)
  3 orc warriors
  3 ogres
  A black bear (D:6)
  6 ice beasts
  4 centaurs (D:9)
  A phantom (D:7)
  A kobold brigand (D:7)
  A bullfrog (D:8)
  3 scorpions (D:5)
  A gnoll sergeant (D:7)
  6 killer bees
  A howler monkey (D:4)
  A bombardier beetle (D:6)
  2 jellies
  2 hounds
  6 orc priests
  Crazy Yiuf (D:6)
  15 orc wizards
  10 iguanas
  9 gnolls
  10 adders
  A white imp (D:7)
  2 ufetubi (D:6)
  5 dart slugs
  32 orcs
  5 ball pythons
  5 endoplasms
  3 giant cockroaches
  9 goblins
  6 hobgoblins
  7 jackals (D:4)
  11 kobolds
  4 quokkas
  9 bats
  11 frilled lizards
  2 rats
227 creatures vanquished.

Notes
Turn   | Place    | Note
-------+----------+-------------------------------------------
     0 | D:1      | Curundu the Minotaur Berserker began the quest for the Orb.
     0 | D:1      | Reached XP level 1. HP: 19/19 MP: 0/0
   125 | D:1      | You fall into a shaft and drop 1 floor!
   154 | D:2      | Reached skill level 4 in Axes
   154 | D:2      | Reached XP level 2. HP: 21/27 MP: 1/1
   205 | D:2      | Reached XP level 3. HP: 29/34 MP: 2/2
   664 | D:1      | Reached ** piety under Trog
  1123 | D:2      | Reached XP level 4. HP: 37/41 MP: 3/3
  1594 | D:3      | Noticed an ogre
  1601 | D:3      | Killed an ogre
  1602 | D:3      | Reached skill level 5 in Fighting
  1602 | D:3      | Reached skill level 5 in Axes
  1602 | D:3      | Reached skill level 1 in Stealth
  1602 | D:3      | Reached XP level 5. HP: 30/48 MP: 4/4
  2106 | D:4      | Found a staircase to the Ecumenical Temple.
  2127 | D:4      | Reached skill level 6 in Axes
  2246 | Temple   | Entered the Ecumenical Temple
  2351 | D:4      | Noticed Eustachio
  2355 | D:4      | Reached *** piety under Trog
  2385 | D:4      | Killed Eustachio
  2386 | D:4      | Reached XP level 6. HP: 27/56 MP: 5/5
  2535 | D:4      | Found a shimmering altar of Xom.
  2734 | D:4      | Found a stormy altar of Qazlal.
  2808 | D:4      | Found a hide-covered altar of Uskayaw.
  2882 | D:4      | Reached skill level 7 in Axes
  2895 | D:4      | Reached XP level 7. HP: 38/62 MP: 6/6
  3049 | D:4      | Found a runed translucent door.
  3054 | D:4      | Noticed Tripartite's ghost (amateur FoFi)
  3131 | D:4      | Killed Tripartite's ghost
  3248 | D:5      | Entered Level 5 of the Dungeon
  3356 | D:5      | Reached skill level 8 in Axes
  3373 | D:5      | Noticed Prince Ribbit
  3399 | D:5      | Killed Prince Ribbit
  3400 | D:5      | Reached skill level 5 in Armour
  3400 | D:5      | Reached skill level 1 in Shields
  3400 | D:5      | Reached XP level 8. HP: 19/71 MP: 7/7
  3682 | D:5      | Found a sacrificial altar of Ru.
  3765 | D:5      | Found a blossoming altar of Fedhas.
  4484 | D:6      | Reached skill level 9 in Axes
  4745 | D:6      | Found an ornate altar of the Wu Jian Council.
  4820 | D:6      | Noticed Menkaure
  4824 | D:6      | Killed Menkaure
  4915 | D:6      | Reached XP level 9. HP: 79/79 MP: 8/8
  5505 | D:6      | Found a runed translucent door.
  5508 | D:6      | Noticed Crazy Yiuf
  5512 | D:6      | Killed Crazy Yiuf
  5513 | D:6      | Reached skill level 10 in Axes
  5695 | D:7      | Noticed a komodo dragon
  5705 | D:7      | Killed a komodo dragon
  5916 | D:7      | Identified a scroll of acquirement
  5916 | D:7      | Acquired a manual of Dodging
  5944 | D:7      | Reached **** piety under Trog
  5950 | D:7      | Reached skill level 5 in Dodging
  6520 | D:8      | Reached skill level 5 in Shields
  6630 | D:8      | Noticed Gastronok
  6651 | D:8      | Killed Gastronok
  6652 | D:8      | Reached skill level 11 in Axes
  6652 | D:8      | Reached XP level 10. HP: 48/91 MP: 9/9
  6850 | D:8      | Found a shimmering blue altar of Sif Muna.
  7189 | D:8      | Found a broken altar of Ashenzari.
  7425 | D:8      | Noticed a two-headed ogre
  7430 | D:8      | Killed a two-headed ogre
  7745 | D:9      | Reached skill level 12 in Axes
  7773 | D:9      | Found a transporter.
  7905 | D:9      | Noticed a two-headed ogre
  7940 | D:9      | Found a transporter.
  7942 | D:9      | Noticed a meliai
  7946 | D:9      | Noticed CBP's ghost (novice VSEn)
  7954 | D:9      | a meliai changed into a black bear
  8070 | D:9      | Noticed a two-headed ogre
  8080 | D:9      | Killed a two-headed ogre
  8081 | D:9      | Reached skill level 10 in Fighting
  8192 | D:9      | Noticed Harold
  8207 | D:9      | Killed Harold
  8208 | D:9      | Reached XP level 11. HP: 101/101 MP: 10/10
  8389 | D:9      | Found an iron altar of Okawaru.
  8532 | D:9      | Found a staircase to the Orcish Mines.
  8660 | D:10     | Entered Level 10 of the Dungeon
  8696 | D:10     | HP: 4/101 [wyvern (10)]
  8697 | D:10     | Slain by a wyvern

Illustrated notes

Levels and vault maps discovered:
D:1:      elethiomel_arrival_shortcut, layout_basic,
          nicolae_twisty_statue_hallways
D:2:      layout_rooms, moated_statue
D:3:      layout_loops_cross
D:4:      layout_basic, kennysheep_little_box, xom_teletrap_fun,
          mainiacjoe_overflow_tiny_flanked, minmay_temple_entry_stoned_glass,
          ebering_ghost_reflecting_pool, eino_tiny_chamber, uniq_eustachio
D:5:      layout_basic, mainiacjoe_overflow_catwalk,
          mainiacjoe_overflow_concentric_impassable, nicolae_nh_ransacked_shop,
          uniq_prince_ribbit1
D:6:      layout_loops_corners, nzn_wu_jian_contemplation,
          kennysheep_nondescript, uniq_crazy_yiuf_cottage, uniq_menkaure
D:7:      layout_cave_pools, minmay_lizard_king
D:8:      layout_loops_corners, kennysheep_orc_sif_temple,
          cheibrodos_ashenzari_chains, uniq_gastronok
D:9:      layout_cave_pools, hellmonk_okawaru_the_only_friend_you_need,
          hiddenorc1_lemuel, nzn_ghost_randoct, serial_column_ruins,
          column_ruins_hut, column_ruins_hut, column_ruins_open_large,
          column_ruins_columns_straight, column_ruins_grid_3,
          minmay_misc_feat_iff, minmay_fractal_squares_5, uniq_harold
D:10:     layout_long_grid, nicolae_tso_carved_into_rock, serial_shops,
          nicolae_shop_rolled_up, minmay_three_doors
Temple:   nicolae_temple_ecumenical_triangle

Skill      XL: |  1  2  3  4  5  6  7  8  9 10 11 |
---------------+----------------------------------+-----
Fighting       | 4 5 6 7 9 10 | 10.5
Axes           | 4 5 6 7 8 9 11 12 | 12.9
Armour         | 3 4 5 6 8 9 |  9.9
Stealth        | 1 |  1.7
Dodging        | 3 4 6 7 8 |  8.5
Shields        | 1 3 5 6 7 |  7.1

Action                     |  1- 3 |  4- 6 |  7- 9 | 10-12 || total
---------------------------+-------+-------+-------+-------++-------
  Melee: Hand axe          |    47 |       |       |       ||    47
         Headbutt          |    10 |    15 |    50 |    29 ||   104
         War axe           |     6 |   126 |   216 |   140 ||   488
         Punch             |     1 |     2 |     1 |     1 ||     5
 Invoke: Trog's Hand       |       |     2 |     5 |     5 ||    12
         Berserk           |       |       |     5 |     2 ||     7
    Use: Scroll            |       |       |    14 |       ||    14
   Stab: Sleeping          |     1 |       |       |       ||     1
 Armour: Animal skin       |    36 |     8 |       |       ||    44
         Chain mail        |       |    19 |       |       ||    19
         Plate armour      |       |   154 |   175 |   174 ||   503
  Dodge: Dodged            |    39 |    90 |    97 |    90 ||   316
